 Dungeon Crawl Stone Soup version 0.21-a0-321-g91e3373 (webtiles) character file.

35990 Sparky the Infuser (level 13, -6/111 HPs)
             Began as a Gnoll Skald on Sept 30, 2017.
             Was an Elder of Ashenzari.
             Mangled by Rupert
             ... wielding a +2 executioner's axe of electrocution
              (27 damage)
             ... on level 4 of the Lair of Beasts.
             The game lasted 00:58:29 (23343 turns).

Sparky the Infuser (Gnoll Skald)                   Turns: 23343, Time: 00:58:30

Health: -6/111     AC:  8    Str: 13    XL:     13   Next: 87%
Magic:  23/30      EV: 20    Int: 19    God:    Ashenzari [****..]
Gold:   958        SH:  0    Dex: 22    Spells: 23/32 levels left

rFire    . . .     SeeInvis +   D - +5 scimitar (curse)
rCold    . . .     Gourm    +   (no shield)
rNeg     . . .     Faith    .   R - +0 ring mail "Adeeruac" {Dex+5 Slay+3 Stlth-} (curse)
rPois    +         Spirit   .   o - +0 hat {MR+} (curse)
rElec    .         Reflect  .   f - +0 cloak (curse)
rCorr    +         Harm     .   (no gloves)
MR       +....     Clarity  +   (no boots)
Stlth    +++.......             L - amulet of the gourmand
HPRegen  0.28/turn              Q - ring of poison resistance
MPRegen  0.22/turn              m - ring of resist corrosion

@: infused
A: distributed training, fangs 1, high mp 1, robust 1, subdued magic 1,
MP-powered wands, strong nose
a: Curse Item, Scrying, Renounce Religion


You were on level 4 of the Lair of Beasts.
You worshipped Ashenzari.
Ashenzari was greatly pleased with you.
You were completely stuffed.

You visited 3 branches of the dungeon, and saw 16 of its levels.

You collected 958 gold pieces.

Inventory:

Hand Weapons
 b - a +1 scimitar of flaming
 e - a +0 great sword
 D - a cursed +5 scimitar (weapon)
Armour
 f - a cursed +0 cloak (worn)
 o - a cursed +0 hat of magic resistance (worn)
 R - the cursed +0 ring mail "Adeeruac" (worn) {Dex+5 Slay+3 Stlth-}
   (You found it on level 9 of the Dungeon)

   It affects your dexterity (+5).
   It affects your accuracy and damage with ranged weapons and melee attacks
   (+3).
   It makes you less stealthy.
   It has a curse placed upon it.
Jewellery
 a - an uncursed ring of protection from fire
 m - a ring of resist corrosion (right hand)
 p - an uncursed ring of protection from cold
 q - an uncursed ring of ice
 K - an uncursed ring of flight
 L - an amulet of the gourmand (around neck)
 Q - a ring of poison resistance (left hand)
Scrolls
 h - 2 scrolls of identify
 j - 3 scrolls of fog
 k - 4 scrolls of teleportation
 n - a scroll of amnesia
 w - a scroll of blinking
 A - a scroll of magic mapping
 C - 2 scrolls of remove curse
 N - 3 scrolls of enchant armour
Potions
 g - a potion of cancellation
 i - a potion of mutation
 x - 2 potions of flight
 F - 2 potions of curing
 H - a potion of invisibility
 M - 2 potions of brilliance
Books
 c - a book of Battle

   Spells                             Type                      Level
   a - Infusion                       Charms                       1
   b - Shroud of Golubria             Charms/Translocation         2
   c - Song of Slaying                Charms                       2
   d - Spectral Weapon                Hexes/Charms                 3
   e - Regeneration                   Charms/Necromancy            3
 t - a book of Changes

   Spells                             Type                      Level
   a - Beastly Appendage              Transmutation                1
   b - Sticks to Snakes               Transmutation                2
   c - Spider Form                    Transmutation/Poison         3
   d - Ice Form                       Ice/Transmutation            4
   e - Blade Hands                    Transmutation                5
 u - a book of Debilitation

   Spells                             Type                      Level
   a - Corona                         Hexes                        1
   b - Slow                           Hexes                        2
   c - Inner Flame                    Hexes/Fire                   3
   d - Portal Projectile              Hexes/Translocation          3
   e - Cause Fear                     Hexes                        4
   f - Leda's Liquefaction            Hexes/Earth                  4
Comestibles
 d - 11 bread rations
 l - 7 meat rations
 r - 10 royal jellies
 s - 5 chunks of flesh
 B - 29 fruits


   Skills:
 + Level 9.2 Fighting
 + Level 7.8 Short Blades
 + Level 10.1(13.3) Long Blades
 + Level 8.5 Axes
 + Level 8.0 Maces & Flails
 + Level 8.0 Polearms
 + Level 7.9 Staves
 + Level 8.2 Slings
 + Level 7.2 Bows
 + Level 8.7 Crossbows
 + Level 8.2 Throwing
 + Level 8.4(10.7) Armour
 + Level 9.7(11.8) Dodging
 + Level 7.9 Stealth
   Level 0.0 Stabbing
 + Level 8.2 Shields
   Level 0.0 Traps
 + Level 8.6 Unarmed Combat
 + Level 10.3 Spellcasting
 + Level 8.1 Conjurations
 + Level 7.8 Hexes
 + Level 11.1 Charms
 + Level 7.7 Summonings
 + Level 7.9 Necromancy
 + Level 8.4 Translocations
 + Level 9.7 Transmutations
 + Level 7.8 Fire Magic
 + Level 8.6 Ice Magic
 + Level 6.7 Air Magic
 + Level 8.1 Earth Magic
 + Level 9.1 Poison Magic
 + Level 9.2 Invocations
 + Level 8.8 Evocations


You had 23 spell levels left.
You knew the following spells:

 Your Spells              Type           Power        Failure   Level  Hunger
a - Infusion              Chrm           ####         1%          1    None
b - Shroud of Golubria    Chrm/Tloc      #####.....   1%          2    None
c - Regeneration          Chrm/Necr      #####.....   1%          3    None
d - Spectral Weapon       Hex/Chrm       #####...     1%          3    None


Dungeon Overview and Level Annotations

Branches:
Dungeon (11/15)            Temple (1/1) D:4            Lair (4/6) D:11
  Swamp (0/4) Lair:4        Snake (0/4) Lair:2
    Orc: D:9-12

Altars:
Ashenzari
Cheibriados
Dithmenos
Elyvilon
Fedhas
Gozag
Hepliaklqana
Kikubaaqudgha
Makhleb
Nemelex Xobeh
Okawaru
Qazlal
Ru
Sif Muna
Trog
Uskayaw
Vehumet
Wu Jian
Xom
Yredelemnul
Zin
The Shining One

Annotations:
D:4 2 transporters
Lair:4 Rupert


Innate Abilities, Weirdness & Mutations

Your experience applies equally to all skills.
You have very sharp teeth.
Your uncanny sense of smell can sniff out nearby items.
You have an increased reservoir of magic. (+10% MP)
You are robust. (+10% HP)
Your spells are a little easier to cast, but a little less powerful.
You expend magic power (3 MP) to strengthen your wands.


Message History

You slash Rupert!!
Rupert is moderately wounded.
You slash Rupert!
Rupert is moderately wounded.
You slash Rupert! You bite Rupert.
Rupert is heavily wounded.
Rupert closely misses you.
You hit Rupert. You bite Rupert.
Rupert is heavily wounded.
You hit Rupert.
Rupert is heavily wounded.
Rupert looks more energetic.
You hit Rupert. You bite Rupert.
Rupert is heavily wounded.
Rupert roars madly and goes into a rage!
Rupert goes berserk!
You hit Rupert but do no damage.
Rupert is heavily wounded.
Rupert hits you with an executioner's axe of electrocution!!
You die...

#.# ,.P## * *** * , ,** ,*
.#.####..P###.. *..., ,,,
..............#### #.. , ,,
.........#*#P....##..,,, ,,
, * #...# ##........ ,, ,,
,, , *###...# *........*, ,
, #P.<..# ##......# * ,
.#....### #..P#...# , ,, *
........###..P#P@.## * **
*,, , .[.....#......##@..#
∆. , .....#........#P...#
#.. ,, ,
...###......#.#P..## #....
,* ..#*
##............###..... ** ..
##............#.....# , *, .
#..................##., * *
,
*.#.....................,,*
...P.....................,,,
,


You could see Rupert (berserk).

Vanquished Creatures
  Gastronok (Lair:2)
  Fannar (Lair:3)
  A hydra (D:9)
  The ghost of fooot the Grappler, a novice TrMo of Uskayaw (D:10)
  Erolcha (D:10)
  3 two-headed ogres
  The ghost of Sparky the Protected, a novice GnFi of Ashenzari (D:6)
  The ghost of Jeffwins the Skirmisher, a novice GnWn of the Shining One (D:7)
  4 skeletal warriors (D:11)
  A lindwurm (Lair:3)
  Pikel (D:4)
  An ugly thing (D:11)
  An elephant (D:11)
  3 black mambas
  Maurice (D:8)
  6 spiny frogs
  2 centaur skeletons
  5 komodo dragons
  A troll (D:9)
  Prince Ribbit (D:6)
  12 blink frogs
  6 slime creatures (D:9)
  2 dream sheep (D:9)
  3 hippogriffs
  The ghost of drock42 the Cutter, an amateur KoGl (D:3)
  2 vampires
  A shadow (D:8)
  4 wyverns
  Sigmund (D:4)
  4 wraiths
  4 basilisks
  22 yaks
  2 steam dragons
  Menkaure (D:5)
  6 swamp worms (Lair:4)
  14 water moccasins
  5 porcupines
  7 orc warriors
  2 ice beasts
  3 sky beasts (D:9)
  2 phantoms (D:10)
  2 black bears
  2 necrophages
  5 ogres
  An eye of draining (D:8)
  5 wolves (Lair:3)
  3 centaurs
  9 crocodiles
  4 big kobolds
  10 bullfrogs
  A wyvern zombie (D:9)
  An elf skeleton (D:9)
  3 scorpions
  2 wyvern skeletons
  4 howler monkeys
  7 wights
  An electric eel (Lair:4)
  3 crimson imps
  A bullfrog zombie (D:9)
  10 hounds
  12 orc wizards
  2 bullfrog skeletons (D:11)
  2 human zombies (D:9)
  5 orc priests
  2 jellies
  Crazy Yiuf (D:2)
  Jessica (D:2)
  4 iguanas
  12 worker ants
  An ogre skeleton (D:9)
  A howler monkey zombie (D:6)
  2 worker ant zombies
  Robin (D:4)
  7 gnolls
  A howler monkey skeleton (D:10)
  13 adders
  A shadow imp (D:5)
  An adder zombie (D:5)
  9 worms
  A dart slug (D:1)
  6 leopard geckos
  28 orcs
  2 ball pythons (Lair:2)
  3 giant cockroaches
  13 goblins
  10 hobgoblins
  14 jackals
  3 quokkas
  10 bats
  3 frilled lizards
  A giant cockroach zombie (D:6)
  12 kobolds
  An orc skeleton (D:9)
  A quokka skeleton (D:6)
  A quokka zombie (D:8)
  9 rats
411 creatures vanquished.

Vanquished Creatures (others)
  2 worker ants (D:4)
  A hound skeleton (D:4)
  3 gnolls (D:4)
  7 fungi
  A plant (Lair:3)
  3 spectral weapons
17 creatures vanquished.

Grand Total: 428 creatures vanquished

Notes
Turn   | Place    | Note
-------+----------+-------------------------------------------
     0 | D:1      | Sparky the Gnoll Skald began the quest for the Orb.
     0 | D:1      | Reached XP level 1. HP: 20/20 MP: 6/6
    59 | D:1      | Reached skill level 1 in Invocations
    63 | D:1      | HP: 1/20 [jackal (1)]
    64 | D:1      | Reached XP level 2. HP: 2/26 MP: 4/7
    65 | D:1      | Reached skill level 5 in Spellcasting
   403 | D:1      | Reached skill level 1 in Conjurations
   408 | D:1      | Reached skill level 1 in Air Magic
   667 | D:1      | Reached skill level 1 in Fire Magic
   846 | D:1      | Reached skill level 1 in Transmutations
   886 | D:1      | Reached XP level 3. HP: 26/31 MP: 9/9
   920 | D:1      | Learned a level 2 spell: Shroud of Golubria
  1285 | D:2      | Found a radiant altar of Vehumet.
  1296 | D:2      | Reached skill level 1 in Slings
  1444 | D:2      | Noticed Jessica
  1452 | D:2      | Killed Jessica
  1452 | D:2      | Reached skill level 1 in Short Blades
  1452 | D:2      | Reached skill level 1 in Polearms
  1452 | D:2      | Reached skill level 1 in Throwing
  1452 | D:2      | Reached skill level 1 in Hexes
  1452 | D:2      | Reached skill level 1 in Ice Magic
  1452 | D:2      | Reached XP level 4. HP: 33/38 MP: 3/11
  1570 | D:2      | Found an ancient bone altar of Kikubaaqudgha.
  1584 | D:2      | Reached skill level 1 in Axes
  1788 | D:2      | Reached skill level 1 in Unarmed Combat
  2001 | D:2      | Found a runed door.
  2005 | D:2      | Noticed Crazy Yiuf
  2011 | D:2      | Killed Crazy Yiuf
  2011 | D:2      | Reached skill level 1 in Crossbows
  2011 | D:2      | Reached skill level 1 in Stealth
  2011 | D:2      | Reached skill level 1 in Necromancy
  2011 | D:2      | Reached XP level 5. HP: 35/43 MP: 4/12
  2273 | D:2      | Found a faded altar of an unknown god.
  2442 | D:3      | Reached skill level 5 in Dodging
  2566 | D:3      | Reached skill level 1 in Bows
  2601 | D:3      | Learned a level 3 spell: Regeneration
  2817 | D:3      | Noticed drock42's ghost (amateur KoGl)
  2818 | D:3      | Reached skill level 1 in Staves
  2837 | D:3      | Gained mutation: You expend magic power (3 MP) to strengthen your wands. [potion of mutation]
  2837 | D:3      | Gained mutation: Your spells are a little easier to cast, but a little less powerful. [potion of mutation]
  2837 | D:3      | Gained mutation: You have an increased reservoir of magic. (+10% MP) [potion of mutation]
  2837 | D:3      | Gained mutation: You are robust. (+10% HP) [potion of mutation]
  3095 | D:2      | Reached skill level 7 in Charms
  3495 | D:2      | Learned a level 3 spell: Spectral Weapon
  3559 | D:3      | Killed drock42's ghost
  3559 | D:3      | Reached skill level 5 in Long Blades
  3559 | D:3      | Reached skill level 1 in Shields
  3559 | D:3      | Reached skill level 1 in Summonings
  3559 | D:3      | Reached skill level 1 in Evocations
  3559 | D:3      | Reached XP level 6. HP: 36/55 MP: 5/15
  4208 | D:4      | Noticed a slave
  4208 | D:4      | Noticed Robin
  4209 | D:4      | Noticed Pikel
  4214 | D:3      | Reached skill level 5 in Fighting
  4214 | D:3      | Reached XP level 7. HP: 61/61 MP: 5/17
  4384 | D:4      | Killed Robin
  4511 | D:4      | Killed Pikel
  4511 | D:4      | Reached skill level 1 in Maces & Flails
  4511 | D:4      | Reached skill level 1 in Translocations
  4511 | D:4      | Reached skill level 1 in Earth Magic
  4511 | D:4      | Reached XP level 8. HP: 20/68 MP: 3/18
  4869 | D:4      | Found a transporter.
  4883 | D:4      | Found a transporter.
  4925 | D:4      | Noticed Sigmund
  4938 | D:4      | Killed Sigmund
  5304 | D:4      | Found a staircase to the Ecumenical Temple.
  5311 | Temple   | Entered the Ecumenical Temple
  5530 | Temple   | Became a worshipper of Ashenzari the Shackled
  5690 | D:5      | Entered Level 5 of the Dungeon
  5900 | D:5      | Noticed Menkaure
  5921 | D:5      | Killed Menkaure
  6675 | D:5      | Reached XP level 9. HP: 70/75 MP: 10/20
  6938 | D:6      | Found a snail-covered altar of Cheibriados.
  6941 | D:6      | Reached skill level 8 in Charms
  7224 | D:6      | Found a deep blue altar of Sif Muna.
  7714 | D:6      | Reached * piety under Ashenzari
  7718 | D:6      | Noticed Sparky's ghost (novice GnFi)
  7738 | D:6      | Killed Sparky's ghost
  7738 | D:6      | Reached skill level 5 in Hexes
  7738 | D:6      | Reached skill level 5 in Transmutations
  7738 | D:6      | Reached skill level 5 in Invocations
  7738 | D:6      | Reached skill level 5 in Evocations
  8008 | D:6      | Reached skill level 5 in Armour
  8393 | D:6      | Noticed Prince Ribbit
  8403 | D:6      | Killed Prince Ribbit
  8403 | D:6      | Reached skill level 5 in Shields
  8403 | D:6      | Reached XP level 10. HP: 83/83 MP: 14/22
  8425 | D:6      | Reached skill level 5 in Conjurations
  8745 | D:6      | Reached skill level 5 in Poison Magic
  8751 | D:6      | Reached skill level 5 in Necromancy
  8900 | D:6      | Found a blossoming altar of Fedhas.
  9297 | D:7      | Noticed Jeffwins's ghost (novice GnWn)
  9320 | D:7      | Killed Jeffwins's ghost
  9320 | D:7      | Reached skill level 5 in Throwing
  9838 | D:7      | Reached ** piety under Ashenzari
  9854 | D:7      | Found an ornate altar of the Wu Jian Council.
  9963 | D:7      | Noticed an angel
  9964 | D:7      | Found a glowing silver altar of Zin.
  9964 | D:7      | Found a shimmering altar of Xom.
 10265 | D:8      | Reached skill level 5 in Axes
 10291 | D:8      | Reached skill level 5 in Polearms
 10573 | D:8      | Reached skill level 5 in Ice Magic
 10576 | D:8      | Reached skill level 5 in Unarmed Combat
 10721 | D:8      | Reached skill level 5 in Short Blades
 10726 | D:8      | Reached skill level 5 in Maces & Flails
 10726 | D:8      | Reached skill level 5 in Translocations
 10821 | D:8      | Noticed Maurice
 11220 | D:8      | Reached skill level 5 in Summonings
 11241 | D:8      | Killed Maurice
 11241 | D:8      | Reached skill level 5 in Bows
 11367 | D:8      | Reached skill level 5 in Crossbows
 11367 | D:8      | Reached skill level 5 in Fire Magic
 12106 | D:9      | Noticed a two-headed ogre
 12185 | D:9      | Reached skill level 5 in Earth Magic
 12208 | D:9      | Reached skill level 9 in Charms
 12350 | D:9      | Killed a two-headed ogre
 12350 | D:9      | Reached skill level 5 in Slings
 12350 | D:9      | Reached skill level 5 in Stealth
 12350 | D:9      | Reached XP level 11. HP: 38/92 MP: 12/25
 13488 | D:9      | Noticed a moth of wrath
 13490 | D:9      | Found a bloodstained altar of Trog.
 13640 | D:9      | Noticed a two-headed ogre
 13656 | D:9      | Killed a two-headed ogre
 13656 | D:9      | Reached skill level 5 in Staves
 13660 | D:9      | Found an opulent altar of Gozag.
 14042 | D:9      | Found a basalt altar of Yredelemnul.
 14264 | D:9      | Reached *** piety under Ashenzari
 14265 | D:9      | Identified the cursed +0 ring mail "Adeeruac" {Dex+5 Slay+3 Stlth-}
 14363 | D:9      | Noticed a three-headed hydra
 14381 | D:9      | Killed an eight-headed hydra
 15293 | D:9      | Reached XP level 12. HP: 90/101 MP: 26/26
 15342 | D:10     | Entered Level 10 of the Dungeon
 15503 | D:10     | Reached skill level 5 in Air Magic
 15859 | D:10     | Noticed a two-headed ogre
 15860 | D:10     | Noticed fooot's ghost (novice TrMo)
 16087 | D:10     | Killed a two-headed ogre
 16103 | D:10     | Killed fooot's ghost
 16485 | D:10     | Noticed Erolcha
 16501 | D:10     | Killed Erolcha
 16854 | D:11     | Reached skill level 10 in Charms
 17867 | D:11     | Found a staircase to the Lair.
 18499 | Lair:1   | Entered Level 1 of the Lair of Beasts
 18892 | Lair:1   | Reached XP level 13. HP: 76/108 MP: 8/28
 19736 | Lair:2   | Noticed Gastronok
 19750 | Lair:2   | Killed Gastronok
 20330 | Lair:2   | Found a staircase to the Snake Pit.
 20385 | Lair:2   | Reached skill level 10 in Spellcasting
 20587 | Lair:2   | Reached **** piety under Ashenzari
 21236 | Lair:3   | Noticed Fannar
 21294 | Lair:3   | Killed Fannar
 21444 | Lair:3   | Reached skill level 11 in Charms
 22536 | Lair:4   | Found a staircase to the Swamp.
 22887 | Lair:4   | Reached skill level 10 in Long Blades
 23078 | Lair:4   | Noticed Rupert
 23343 | Lair:4   | Mangled by Rupert

Vault maps used:
D:1:      dpeg_arrival_rooms_a
D:2:      fiery_altar_vehumet, kiku_gazebo_pond_becter,
          chequers_ecumenical_altar_grove, uniq_jessica, uniq_crazy_yiuf_cottage
D:3:      patterned_corridor
D:4:      gammafunk_steamed_eel, temple_statues, uniq_pikel, uniq_robin,
          uniq_sigmund
D:5:      first_bread, uniq_menkaure
D:6:      kennysheep_mini, grunt_temple_overflow_open, serial_glass,
          glass_columns_b, glass_columns_c, uniq_prince_ribbit1
D:7:      grunt_temple_overflow_order_and_chaos_1, kennysheep_mini_moat
D:8:      uniq_maurice
D:9:      lemuel_coloured_pillars_altar, tgw_trog,
          lemuel_mausoleum_altar_yredelemnul, hangedman_ranch
D:10:     uniq_erolcha
D:11:     david_lair_generic
Temple:   minmay_temple_curvy_loop
Lair:1:   grunt_megastairs_5, infiniplex_staircase_pool
Lair:2:   minmay_snake_entry_six_corridors, uniq_gastronok
Lair:3:   uniq_fannar
Lair:4:   nicolae_swamp_entry_splash_gauntlet, lemuel_fruit_fields, uniq_rupert

Skill      XL: |  1  2  3  4  5  6  7  8  9 10 11 12 13 |
---------------+----------------------------------------+-----
Invocations    | 1 2 3 4 5 7 8 9 |  9.2
Spellcasting   | 5 6 7 8 9 10 | 10.3
Conjurations   | 1 2 3 4 6 7 8 |  8.1
Air Magic      | 1 2 3 4 6 |  6.7
Fire Magic     | 1 2 4 5 7 |  7.8
Transmutations | 1 2 3 4 5 6 7 8 9 |  9.7
Slings         | 1 2 3 5 6 7 8 |  8.2
Short Blades   | 1 2 3 4 5 6 7 |  7.8
Polearms       | 1 2 3 4 5 6 7 8 |  8.0
Throwing       | 1 2 3 4 5 6 7 8 |  8.2
Hexes          | 1 2 3 4 5 6 7 |  7.8
Ice Magic      | 1 2 3 4 5 6 7 8 |  8.6
Axes           | 1 2 3 4 5 6 7 8 |  8.5
Unarmed Combat | 1 2 3 4 5 6 7 8 |  8.6
Crossbows      | 1 2 3 5 6 8 |  8.7
Stealth        | 1 2 3 5 7 |  7.9
Necromancy     | 1 2 3 4 6 7 |  7.9
Dodging        | 5 6 7 8 9 |  9.7
Bows           | 2 3 4 5 6 7 |  7.2
Staves         | 1 2 3 4 6 7 |  7.9
Charms         | 7 8 9 10 11 | 11.1
Long Blades    | 5 6 7 8 9 10 | 10.1
Armour         | 3 4 5 6 7 8 |  8.4
Shields        | 1 2 5 6 7 8 |  8.2
Summonings     | 1 2 3 4 5 6 7 |  7.7
Poison Magic   | 2 3 4 5 6 8 9 |  9.1
Evocations     | 1 2 4 5 7 8 |  8.8
Fighting       | 5 6 7 8 9 |  9.2
Maces & Flails | 1 2 4 5 6 7 8 |  8.0
Translocations | 1 2 4 5 6 7 8 |  8.4
Earth Magic    | 1 2 3 5 6 7 8 |  8.1

Action                   |  1- 3 |  4- 6 |  7- 9 | 10-12 | 13-15 || total
-------------------------+-------+-------+-------+-------+-------++-------
Melee: Falchion          |    74 |   112 |   241 |       |       ||   427
       Bite              |    11 |    20 |    33 |   125 |    75 ||   264
       Punch             |       |       |     5 |    37 |    12 ||    54
       Scimitar          |       |       |    48 |   730 |   334 ||  1112
 Cast: Infusion          |    11 |    22 |    25 |    75 |    43 ||   176
       Shroud of Golubri |     2 |    10 |    20 |    80 |    44 ||   156
       Regeneration      |       |     1 |     5 |     8 |     7 ||    21
       Spectral Weapon   |       |     1 |     4 |     9 |     2 ||    16
Invok: Curse Item        |       |       |     3 |       |     1 ||     4
  Use: Potion            |       |     1 |     1 |     4 |     7 ||    13
       Scroll            |       |       |     6 |    26 |     5 ||    37
 Stab: Sleeping          |       |       |     1 |    11 |     2 ||    14
       Distracted        |       |       |     1 |       |     1 ||     2
  Eat: Chunk             |     2 |     7 |    14 |    51 |    15 ||    89
       Royal jelly       |       |     1 |       |     1 |       ||     2
Armor: Leather armour    |    32 |       |       |       |       ||    32
       Ring mail         |       |    33 |   117 |   170 |    38 ||   358
       Skin              |       |       |       |       |    15 ||    15
Dodge: Dodged            |    97 |    96 |   244 |   544 |   314 ||  1295
       Rpst.: Falchion   |    39 |    41 |    60 |       |       ||   140
       Scimitar          |       |       |     8 |   154 |    87 ||   249

Table legend:
 A = Spawn XP
 B = Non-spawn XP
 C = Spawn XP percentage of total XP
 D = Spawn monster count
 E = Non-spawn monster count
 F = Spawn count percentage of total count
 G = Total turns spent on level
                    A         B        C        D         E        F      G
               +---------+---------+-------+---------+---------+-------+---------
         Total |       0 |   51415 |   0.0 |       0 |     412 |   0.0 | 23343
               +---------+---------+-------+---------+---------+-------+---------
           D:1 |       0 |      52 |   0.0 |       0 |      30 |   0.0 |  1236
           D:2 |       0 |     135 |   0.0 |       0 |      19 |   0.0 |  1792
           D:3 |       0 |     599 |   0.0 |       0 |      31 |   0.0 |  1587
           D:4 |       0 |    1039 |   0.0 |       0 |      16 |   0.0 |   801
           D:5 |       0 |     554 |   0.0 |       0 |      12 |   0.0 |  1268
           D:6 |       0 |    2572 |   0.0 |       0 |      41 |   0.0 |  2065
           D:7 |       0 |    1210 |   0.0 |       0 |      10 |   0.0 |  1143
           D:8 |       0 |    2705 |   0.0 |       0 |      28 |   0.0 |  2277
           D:9 |       0 |    9725 |   0.0 |       0 |      61 |   0.0 |  3062
          D:10 |       0 |    3689 |   0.0 |       0 |      16 |   0.0 |  1596
          D:11 |       0 |    7413 |   0.0 |       0 |      54 |   0.0 |  1396
        Lair:1 |       0 |    4238 |   0.0 |       0 |      20 |   0.0 |  1237
        Lair:2 |       0 |    6379 |   0.0 |       0 |      25 |   0.0 |  1026
        Lair:3 |       0 |    6955 |   0.0 |       0 |      29 |   0.0 |  1485
        Lair:4 |       0 |    4150 |   0.0 |       0 |      20 |   0.0 |  1096
               +---------+---------+-------+---------+---------+-------+---------
